 Dungeon Crawl Stone Soup version 0.31-a0-231-g51bb95cda3 (webtiles) character file.

Game seed: 18279054549972853949

373 qw the Shooter (level 6, -1/37 HPs)
             Began as a Gargoyle Hexslinger on July 6, 2023.
             Killed from afar by an acid dragon (10 damage)
             ... with a splash of acid
             ... on level 6 of the Dungeon.
             The game lasted 00:00:49 (1576 turns).

qw the Shooter (Gargoyle Hexslinger)                Turns: 1576, Time: 00:00:50

Health: -1/37      AC:  6    Str: 11    XL:     6   Next: 71%
Magic:  7/7        EV: 10    Int: 14    God:
Gold:   137        SH:  0    Dex: 14    Spells: 6/7 levels left

rFire   . . .        Y - +1 sling
rCold   . . .        (no shield)
rNeg    + . .        f - +0 ring mail
rPois   inf          (no helmet)
rElec   +            (no cloak)
rCorr   .            c - +0 pair of gloves
SInv    .            (no boots)
Will    .....        d - amulet of regeneration
Stlth   +            j - +4 ring of slaying {mikee}
HPRegen 1.06/turn    (no ring)
MPRegen 0.10/turn

%: no passive effects
@: corroded
A: sickness immunity, AC +4, negative energy resistance 1, electricity
resistance, torment resistance 1, petrification resistance
a: no special abilities


You were on level 6 of the Dungeon.
You visited 1 branch of the dungeon, and saw 4 of its levels.

You collected 137 gold pieces.


Innate Abilities, Weirdness & Mutations

You are immune to sickness and miasma.
Your stone body is resilient. (AC +4)
You are immune to poison.
You resist negative energy. (rN+)
You are resistant to electric shocks. (rElec)
You are resistant to unholy torment.
You are immune to petrification.


   Skills:
 - Level 3.6 Fighting
 + Level 5.8 Ranged Weapons
 - Level 1.3 Armour
 - Level 1.5 Dodging
 - Level 1.0 Spellcasting
 - Level 2.6 Hexes


You had 6 spell levels left.
You knew the following spells:

 Your Spells              Type           Power      Damage    Failure   Level
a - Slow                  Hex            32%        N/A       21%         1

Your spell library contained the following spells:

 Spells                   Type           Power      Damage    Failure   Level
 Inner Flame              Hex/Fire       4%         N/A       71%         3
 Portal Projectile        Hex/Tloc       8%         N/A       71%         3
 Cause Fear               Hex            4%         N/A       90%         4

Inventory:

Hand Weapons
 Y - a +1 sling (weapon)
Armour
 c - a +0 pair of gloves (worn)
 f - a +0 ring mail (worn)
Jewellery
 d - an amulet of regeneration (around neck)
 i - a ring of ice
 j - a +4 ring of slaying (left hand) {mikee}
Scrolls
 b - a scroll of silence {unknown}
 h - 2 scrolls of identify
 k - a scroll of amnesia {unknown}
Potions
 a - a potion of degeneration {unknown}
 e - a potion of ambrosia {unknown}
 g - a potion of mutation {unknown}
 l - a potion of cancellation {unknown}

Dungeon Overview and Level Annotations

Branches:
Dungeon (3/15)

Altars:


Message History

Enter note: You shoot a sling bullet.
The sling bullet hits the acid dragon!
The acid dragon is moderately wounded.
You shoot a sling bullet. The sling bullet hits the acid dragon.
The acid dragon is heavily wounded.
The acid dragon spits acid at you. The splash of acid hits you!
The acid corrodes you!
You shoot a sling bullet.
The sling bullet barely misses the acid dragon.
You shoot a sling bullet.
The sling bullet barely misses the acid dragon.
You shoot a sling bullet.
The sling bullet barely misses the acid dragon.
You shoot a sling bullet.
The sling bullet hits the acid dragon but does no damage.
The acid dragon is heavily wounded.
You shoot a sling bullet. The sling bullet hits the acid dragon.
The acid dragon is severely wounded.
The acid dragon misses you.
The acid dragon claws you but does no damage.
The acid dragon barely misses you.
The acid dragon claws you but does no damage.
You shoot a sling bullet.
The sling bullet barely misses the acid dragon.
The acid dragon closely misses you. x2
You shoot a sling bullet. The sling bullet hits the acid dragon.
The acid dragon is severely wounded.
The acid dragon bites you! The acid dragon claws you.
You shoot a sling bullet.
The sling bullet hits the acid dragon but does no damage.
The acid dragon is severely wounded.
The acid dragon misses you. The acid dragon claws you.
You shoot a sling bullet.
The sling bullet barely misses the acid dragon.
The acid dragon bites you! The acid dragon claws you.
You shoot a sling bullet.
The sling bullet completely misses the acid dragon.
The acid dragon spits acid at you. The splash of acid hits you!
You die...

...##.........#.###
..###.............#
..# #.......[#....#.
.
..######.##...##....
..
#.##................
...
.....###.##......#.
... ... #.#....##.#
.. #.#.#..##.#.#
..#.#..>.@D.#
.##.##........... ..
#.#............ #.
..###+###...... .#
...).< ...... .....
.....


You could see an acid dragon (catching breath).

Vanquished Creatures
  An ice beast (D:6)
  2 ogres (D:6)
  3 gnolls (D:6)
  5 adders
  A dart slug (D:2)
  An orc (D:6)
  3 ball pythons
  3 endoplasms
  A giant cockroach (D:1)
  3 goblins
  4 hobgoblins
  3 quokkas (D:1)
  5 bats
  2 frilled lizards
  8 kobolds
  2 rats
47 creatures vanquished.

Notes
Turn   | Place    | Note
-------+----------+-------------------------------------------
     0 | D:1      | qw the Gargoyle Hexslinger began the quest for the Orb.
     0 | D:1      | Reached XP level 1. HP: 12/12 MP: 2/2
     0 | D:1      | 0 ||| qw: Version: 0.3-a-46-gb1f654a
     0 | D:1      | 0 ||| qw: Game counter: 1868
     0 | D:1      | 0 ||| qw: Melee chars always use a shield: true
     0 | D:1      | 0 ||| qw: God list: Okawaru
     0 | D:1      | 0 ||| qw: Allow faded altars: false
     0 | D:1      | 0 ||| qw: Do Orc after clearing Dungeon:15 true
     0 | D:1      | 0 ||| qw: Do second Lair branch before Depths: true
     0 | D:1      | 0 ||| qw: Lair rune preference: random
     0 | D:1      | 0 ||| qw: Goals: Normal
     0 | D:1      | 0 ||| PLANNING D:1-11
    98 | D:1      | Reached XP level 2. HP: 16/16 MP: 3/3
   283 | D:1      | Reached skill level 3 in Ranged Weapons
   669 | D:1      | 669 ||| UPGRADING to +0 ring mail.
   679 | D:1      | 679 ||| DROPPING +0 robe.
   680 | D:1      | 680 ||| UPGRADING to amulet of regeneration.
   685 | D:1      | 685 ||| READING scroll labelled JAENIU PORPHUNG.
   686 | D:1      | 686 ||| DROPPING scroll of poison.
   742 | D:2      | Reached XP level 3. HP: 21/21 MP: 4/4
   975 | D:2      | Reached XP level 4. HP: 25/26 MP: 5/5
  1098 | D:2      | Reached skill level 4 in Ranged Weapons
  1182 | D:2      | 1182 ||| UPGRADING to +0 pair of gloves.
  1187 | D:2      | 1187 ||| UPGRADING to +4 ring of slaying {mikee}.
  1188 | D:2      | 1188 ||| READING scroll labelled UMED FATOLOGHECAO.
  1189 | D:2      | 1189 ||| READING scroll labelled BEKUAGGUCKU.
  1190 | D:2      | 1190 ||| READING scroll labelled OLLUSU PESAWN.
  1191 | D:2      | 1191 ||| READING scroll labelled REKLES OMEMM.
  1348 | D:3      | You fall into a shaft and drop 3 floors!
  1355 | D:6      | Reached skill level 1 in Armour
  1370 | D:6      | Noticed an ogre
  1375 | D:6      | Killed an ogre
  1376 | D:6      | Reached skill level 5 in Ranged Weapons
  1376 | D:6      | Reached XP level 5. HP: 30/30 MP: 6/6
  1396 | D:6      | Noticed an ice beast
  1415 | D:6      | Killed an ice beast
  1416 | D:6      | Reached skill level 3 in Fighting
  1416 | D:6      | Reached XP level 6. HP: 34/37 MP: 7/7
  1564 | D:6      | Noticed an acid dragon
  1575 | D:6      | HP: 8/37 [acid dragon (11)]
  1576 | D:6      | Killed from afar by an acid dragon

Levels and vault maps discovered:
D:1:      wander_arrival_abandoned_jail, layout_basic
D:2:      layout_rooms
D:3:      layout_loops_corners, slow_altar_2, shapermc_ecumenical_altar_ellora,
          minmay_parallelograms
D:6:      layout_rooms, minmay_temple_entry_glassed_door

Skill      XL: |  1  2  3  4  5 |
---------------+----------------+-----
Ranged Weapons | 3 5 |  5.8
Fighting       | 2 3 |  3.6
Armour         | 1 |  1.3
Dodging        | |  1.5
Spellcasting   | |  1.0
Hexes          | |  2.6

Action                     |  1- 3 |  4- 6 || total
---------------------------+-------+-------++-------
   Fire: Sling             |   142 |    70 ||   212
    Use: Scroll            |     1 |     4 ||     5
 Armour: Robe              |    11 |       ||    11
         Ring mail         |    24 |    21 ||    45
  Dodge: Dodged            |    70 |    18 ||    88

Table legend:
 A = Non-vault XP
 B = Vault XP
 C = Vault XP percentage of total XP
 D = Non-vault monster count
 E = Vault monster count
 F = Vault count percentage of total count
                 A         B        C        D         E       F
            +---------+---------+-------+---------+---------+-------
      Total |     533 |       0 |   0.0 |      47 |       0 |   0.0
            +---------+---------+-------+---------+---------+-------
        D:1 |      30 |       0 |   0.0 |      19 |       0 |   0.0
        D:2 |      64 |       0 |   0.0 |      18 |       0 |   0.0
        D:3 |      15 |       0 |   0.0 |       2 |       0 |   0.0
        D:6 |     424 |       0 |   0.0 |       8 |       0 |   0.0
            +---------+---------+-------+---------+---------+-------
